AoeStats
← Redmidlum

Socotra

504750657Analyzed
2v2 RM · 26d ago on Sep 6, 2026· 51m 34s· 4 players
Game mode
Random Map
Map size
Tiny (2 player)
Population
200
Speed
Normal
Resources
Standard
Victory
Conquest
Starting age
Dark Age
Ending age
Imperial Age
RankedLock teamsTeams togetherTeam positionsShared explorationLock speedFull tech treeHidden civsTurbo modeCheats
Victory
Defeat
🇨🇱 Sicilians · Chile
823
+16
🇲🇹 Bulgarians · Malta
819
+16
🇬🇧 Cumans · United Kingdom
813
-16
🇸🇰 Armenians · Slovakia
813
-16
Redmidlum
0:31 Loom
12:36 Feudal Age
12:37 Man-at-Arms
16:44 Scale Mail Armor
16:56 Forging
18:16 Long Swordsman
27:54 Castle Age
29:37 Gold Mining
29:36 Double-Bit Axe
30:57 Padded Archer Armor
32:09 Fletching
32:47 Horse Collar
36:26 Bodkin Arrow
37:27 Bow Saw
37:21 Heavy Plow
37:59 Wheelbarrow
37:12 Town Watch
40:59 Imperial Age
39:16 Town Watch
40:54 Leather Archer Armor
44:19 Chemistry
44:53 Pikeman
46:34 Elite Composite Bowman
46:49 Halberdier
48:54 Chain Mail Armor
48:41 Bracer
50:06 Conscription
MYTH_0503
0:57 Loom
11:54 Feudal Age
14:04 Double-Bit Axe
15:14 Wheelbarrow
16:50 Horse Collar
24:59 Bloodlines
30:42 Castle Age
32:24 Bow Saw
34:17 Forging
34:13 Scale Barding Armor
34:13 Gold Mining
38:53 Heavy Plow
39:56 Chain Barding Armor
40:12 Iron Casting
43:14 Squires
42:44 Pikeman
46:50 Iron Casting
46:07 Fletching
51:14 Hand Cart
Dtox
10:46 Feudal Age
11:35 Loom
19:58 Castle Age
18:48 Scale Barding Armor
18:54 Forging
28:13 Scale Mail Armor
29:29 Double-Bit Axe
29:35 Horse Collar
30:24 Stone Mining
30:59 Gambesons
32:42 Gold Mining
33:05 Bow Saw
33:36 Squires
35:29 Chain Mail Armor
35:05 Fletching
35:52 Iron Casting
36:56 Heavy Plow
37:38 Wheelbarrow
37:51 Town Watch
41:33 Hand Cart
42:31 Fervor
46:24 Imperial Age
48:51 Plate Mail Armor
49:22 Blast Furnace
47:48 Cavalier
49:31 Pikeman
50:50 Chain Barding Armor
Tyrant Bacty
9:45 Loom
12:53 Feudal Age
13:48 Stone Mining
14:24 Fletching
15:19 Double-Bit Axe
17:39 Wheelbarrow
17:58 Padded Archer Armor
18:34 Gold Mining
21:54 Forging
23:34 Scale Barding Armor
27:28 Scale Mail Armor
31:23 Castle Age
30:49 Horse Collar
32:26 Heavy Plow
33:03 Gold Shaft Mining
32:02 Light Cavalry
32:54 Bloodlines
32:06 Crossbowman
32:45 Bodkin Arrow
33:59 Hand Cart
34:40 Murder Holes
34:56 Masonry
35:07 Ballistics
36:06 Iron Casting
36:45 Town Watch
41:40 Imperial Age
41:21 Chain Barding Armor
41:02 Gambesons
42:20 Husbandry
41:42 Elite Skirmisher
41:45 Man-at-Arms
42:42 Hauberk
43:21 Plate Barding Armor
42:23 Cavalier
43:47 Fervor
43:55 Bow Saw
44:19 Crop Rotation
47:39 Bracer
47:55 Leather Archer Armor
48:58 Siege Engineers
50:05 Blast Furnace
51:02 Chemistry
52:18 Conscription
Connection lost

Rejoining the realm…

Still unreachable

The connection could not be restored.

Session expired

The server has moved on; the page needs a fresh start.